 Dungeon Crawl Stone Soup version 0.17-a0-1078-g243345b (webtiles) character file.

142407 l0ser140 the Unseen (level 17, -3/115 HPs)
             Began as a Kobold Enchanter on May 18, 2015.
             Was a High Priest of Dithmenos.
             Shot with an arrow of flame by a deep elf master archer (4 damage)
             ... on level 3 of the Elven Halls.
             The game lasted 03:46:06 (43094 turns).

l0ser140 the Unseen (Kobold Enchanter)             Turns: 43094, Time: 03:46:06

Health: -3/115     AC:  9    Str:  9    XL:     17   Next: 96%
Magic:  34/34      EV: 30    Int: 23    God:    Dithmenos [*****.]
Gold:   206        SH:  0    Dex: 20    Spells: 8 memorised, 4 levels left

rFire  . . .     SeeInvis .     S - +10 rapier of Battle {venom, MP+9 Int+5}
rCold  . . .     Clarity  .     a - +2 robe {MR+}
rNeg   . . .     SustAb   .     (shield restricted)
rPois  +         Gourm    +     Z - +0 helmet
rElec  .         Spirit   .     g - +0 cloak
rCorr  .         Warding  .     (no gloves)
rMut   .         Stasis   .     y - +2 pair of boots
MR     ++++.                    T - amulet "Rimihyth" {Gourm Stlth+}
Stlth  ++++++++++               F - ring of protection from magic
                                J - ring of Ijeimn {*Drain rPois MR+ Int+4}

@: infused, very slightly contaminated, wreathed by umbra, invisible, incredibly
resistant to hostile enchantments, uncannily stealthy
A: carnivore 3
a: Shadow Step, Shadow Form, Renounce Religion


You were on level 3 of the Elven Halls.
You worshipped Dithmenos.
Dithmenos was extremely pleased with you.
You were not hungry.

You visited 5 branches of the dungeon, and saw 29 of its levels.
You also visited: Ossuary and Ice Cave.

You collected 3005 gold pieces.
You spent 2799 gold pieces at shops.

Inventory:

Hand weapons
 S - the +10 rapier of Battle (weapon) {venom, MP+9 Int+5}
   (You found it on level 8 of the Dungeon)

   It poisons the flesh of those it strikes.
   It affects your intelligence (+5).
   It affects your magic capacity (+9).
Missiles
 p - 658 stones (quivered)
 u - 3 throwing nets
Armour
 a - a +2 robe of magic resistance (worn)
   (You took it off Sigmund on level 5 of the Dungeon)
 g - a +0 cloak (worn)
 y - a +2 pair of boots (worn)
 A - a +2 buckler of protection
   (You took it off a deep elf knight on level 3 of the Elven Halls)
 Z - a +0 helmet (worn)
Jewellery
 b - the amulet of Aruem {rCorr SInv}
   (You bought it in a shop on level 4 of the Orcish Mines)

   [amulet of resist corrosion]

   It protects you from acid and corrosion.
   It lets you see invisible.
 j - a +4 ring of protection
   (You found it on level 10 of the Dungeon)
 n - an uncursed ring of teleportation
   (You took it off a deep elf fighter on level 1 of the Elven Halls)
 D - a +4 ring of dexterity
   (You bought it in a shop on level 4 of the Orcish Mines)
 F - a ring of protection from magic (right hand)
   (You found it on level 6 of the Dungeon)
 J - the ring of Ijeimn (left hand) {*Drain rPois MR+ Int+4}
   (You took it off a deep elf knight on level 3 of the Elven Halls)

   [ring of protection from magic]

   It affects your intelligence (+4).
   It protects you from poison.
   It affects your resistance to hostile enchantments.
   It causes draining when unequipped.
 T - the amulet "Rimihyth" (around neck) {Gourm Stlth+}
   (You took it off a deep elf knight on level 3 of the Elven Halls)

   [amulet of the gourmand]

   It allows you to eat raw meat even when not hungry.
   It makes you more stealthy.
 V - an uncursed amulet of clarity
   (You took it off a deep elf annihilator on level 3 of the Elven Halls)
 Y - an uncursed ring of flight
   (You found it on level 14 of the Dungeon)
Magical devices
 c - a wand of confusion (20)
 i - a wand of cold (4)
 o - a wand of fire (9)
 q - a wand of fireball (9)
 B - a wand of digging (10)
 Q - a wand of heal wounds (0)
 R - a wand of cold (6)
 U - a wand of disintegration (11)
Scrolls
 e - 10 scrolls of teleportation
 k - 2 scrolls of recharging
 l - 5 scrolls of enchant armour
 v - 4 scrolls of magic mapping
 x - a scroll of vulnerability
 z - 3 scrolls of fear
 E - 13 scrolls of remove curse
 K - 3 scrolls of brand weapon
 N - a scroll of holy word
 W - 4 scrolls of fog
 X - a scroll of enchant weapon
Potions
 f - 4 potions of haste
 h - 2 potions of magic
 m - a potion of flight
 r - a potion of cancellation
 s - 4 potions of might
 C - 5 potions of invisibility
 H - 4 potions of curing
 I - 3 potions of agility
Books
 w - a book of Battle

   Spells                             Type                      Level
   a - Infusion                       Charms                       1
   b - Shroud of Golubria             Charms/Translocation         2
   c - Song of Slaying                Charms                       2
   d - Spectral Weapon                Hexes/Charms                 3
   e - Regeneration                   Charms/Necromancy            3
Miscellaneous
 G - a plain deck of escape {drawn: 2}
Comestibles
 d - 14 meat rations
 L - 16 royal jellies
 M - 9 beef jerkies


   Skills:
 - Level 16.0 Fighting
 - Level 11.8 Short Blades
 - Level 15.2 Dodging
 - Level 19.1 Stealth
 + Level 3.1 Shields
 - Level 2.0 Spellcasting
 - Level 3.0 Conjurations
 - Level 11.8 Hexes
 - Level 6.9 Charms
 - Level 3.2 Summonings
 - Level 11.9 Invocations


You had 4 spell levels left.
You knew the following spells:

 Your Spells              Type           Power        Failure   Level  Hunger
a - Ensorcelled Hibernat  Hex/Ice        ####..       1%          2    ##.....
c - Summon Butterflies    Summ           ###.....     3%          1    #......
d - Dazzling Spray        Conj/Hex       #####...     1%          3    ###....
q - Infusion              Chrm           ####..       1%          1    #......
s - Confuse               Hex            ######..     1%          3    ###....
v - Swiftness             Chrm/Air       ###.....     6%          2    ##.....
w - Spectral Weapon       Hex/Chrm       #####...     1%          3    ###....
x - Apportation           Tloc           #.........   14%         1    #......


Dungeon Overview and Level Annotations

Branches:
Dungeon (14/15)            Temple (1/1) D:5            Lair (7/8) D:8
  Swamp (0/4) Lair:5        Snake (0/4) Lair:6        Slime (0/6) Lair:6
    Orc (4/4) D:10            Elf (3/3) Orc:3        Vaults (0/5) D:14

Altars:
Ashenzari
Cheibriados
Dithmenos
Elyvilon
Fedhas
Gozag
Kikubaaqudgha
Makhleb
Nemelex Xobeh
Okawaru
Qazlal
Ru
Sif Muna
Trog
Vehumet
Xom
Yredelemnul
Zin
The Shining One
Beogh
Jiyva

Shops:
Orc:2 (   Orc:3 :   Orc:4 =(:!

Annotations:
D:4 exclusions: jackal, 2 orcs and skeleton
D:6 exclusion: upstairs
D:14 1 exclusion, Agnes
Lair:7 exclusion: orange crystal statue
Orc:3 Rupert
Elf:2 1 exclusion


Innate Abilities, Weirdness & Mutations

You are small and have problems with some larger weapons.
You are carnivorous and can eat meat at any time.


Message History

The deep elf master archer shoots an arrow of flame.
The arrow of flame closely misses you.
You hit the deep elf demonologist.
The deep elf demonologist is severely wounded.
The deep elf demonologist gestures wildly while chanting.
You puncture the deep elf demonologist!
The deep elf demonologist is almost dead.
You hit the deep elf demonologist.
The deep elf demonologist is almost dead.
Your shadow misses the deep elf demonologist.
The deep elf demonologist hits you with a long sword!
The cacodemon barely misses you. The cacodemon hits you!
The deep elf master archer shoots an arrow of flame.
The arrow of flame hits you! The arrow of flame burns you.
Huge Dmg: -37%(-43hp) hp: 57%(65hp)
You closely miss the deep elf demonologist.
The deep elf demonologist is almost dead.
You puncture the deep elf demonologist!
You kill the deep elf demonologist!
Dithmenos accepts your kill.
Your Shields skill increases to level 3!
The cacodemon disappears in a puff of smoke!
The deep elf master archer shoots an arrow of flame.
The arrow of flame hits you!!!
* * * LOW HITPOINT WARNING * * *
You emit a cloud of dark smoke.
The arrow of flame burns you.
* * * LOW HITPOINT WARNING * * *
Huge Dmg: -43%(-50hp) hp: 14%(15hp) Drink which item? (? for menu, Esc to quit)
Okay, then.
Evoke which item? (* to show all) (? for menu, Esc to quit)
Okay, then.
Evoke which item? (* to show all) (? for menu, Esc to quit)
Okay, then.
Drink which item? (? for menu, Esc to quit)
You fade into invisibility!
The deep elf master archer shoots an arrow of flame.
The arrow of flame closely misses you.
The deep elf master archer shoots an arrow of flame.
The arrow of flame completely misses you.
You are very lightly contaminated with residual magic.
Evoke which item? (* to show all) (? for menu, Esc to quit)
Zapping:
Q - a wand of heal wounds {zapped: 7} (will waste charges)
Press: ? - help, Shift-Dir - straight line, f - you Nothing appears to happen.
The deep elf master archer shoots an arrow of flame.
The arrow of flame hits you!
* * * LOW HITPOINT WARNING * * *
The arrow of flame burns you.
You die...

##(# #(.# ##.##
#..# #### #.##
#..###.# #......# #
#)...☺e### #
#..⌠..☺K☺#
##########.....☺###
')).)....[.)..###
##########..#)'##
### #* ####.#.##
#<# ##### #.##.##
#.# #...###
#.###)####^#
......# #.#
##)##.(## ......#
#.# ###)....###


You could see a deep elf master archer.

Vanquished Creatures
  2 deep elf blademasters (Elf:3)
  A deep elf master archer (Elf:3)
  A deep elf sorcerer (Elf:3)
  Maud (Lair:3)
  A frost giant (IceCv)
  5 deep elf annihilators (Elf:3)
  4 deep elf demonologists (Elf:2 Elf:3)
  4 deep elf death magi (Elf:2 Elf:3)
  Snorg (D:12)
  A yaktaur captain (D:14)
  4 deep elf high priests (Elf:1 Elf:3)
  5 hydras (Lair:4 Lair:5 Lair:6 Lair:1 D:11)
  3 centaur warriors (D:13 D:14)
  9 dancing weapons (D:14 D:13 Elf:2)
  A death yak (IceCv)
  3 orc high priests (Orc:4)
  A tengu warrior (D:14)
  22 deep elf knights (Elf:1 Elf:2 Elf:3)
  Urug (Lair:3)
  A fire crab (Lair:6)
  9 skeletal warriors (D:13 D:14 D:12)
  A wizard (D:14)
  5 deep elf summoners (Elf:1 Elf:2 Elf:3)
  4 unseen horrors (D:11 D:14 D:12)
  2 hill giants (D:10 D:11)
  7 deep elf conjurers (Elf:1 Elf:2 Elf:3)
  5 orc sorcerers (Orc:4)
  8 ugly things (D:11 D:12 D:14)
  6 orc knights (Orc:2 Orc:4)
  3 griffons (Lair:5 Lair:6 D:14)
  5 spiny frogs (Lair:1 Lair:2 Lair:3 Lair:7)
  5 elephants (Lair:3)
  A manticore (D:12)
  12 black mambas (Lair:2 Lair:3 Lair:5 Lair:6 Lair:7)
  2 guardian serpents (D:12)
  A gargoyle (D:14)
  6 centaur skeletons (D:11 D:12 D:13 D:14)
  3 kobold demonologists (D:11)
  A fire drake (Lair:6)
  10 komodo dragons (Lair:2 Lair:3 Lair:4 Lair:6 Lair:7)
  The ghost of DEFE the Firebug, an experienced TeFE of Vehumet (D:5)
  12 trolls (D:10 Orc:2 Orc:3 Orc:4 D:13)
  A queen bee (D:11)
  16 deep elf priests (Elf:1 Elf:2 Elf:3)
  A tengu conjurer (D:14)
  5 blink frogs (Lair:5)
  Grinder (D:5)
  Prince Ribbit (D:5)
  12 polar bears (IceCv)
  2 ravens (D:14)
  2 trapdoor spiders (D:13 D:14)
  Sigmund (D:5)
  73 yaks (Lair:1 Lair:2 Lair:6 Lair:7 D:11)
  25 deep elf fighters (Elf:1 Elf:2 Elf:3)
  A hungry ghost (D:10)
  A wraith (D:7)
  A centaur simulacrum (D:14)
  28 deep elf magi (D:6 D:11 Elf:1 Elf:2 Elf:3)
  4 vampire mosquitoes (D:14)
  A golden eye (shapeshifter) (D:13)
  22 wolves (Lair:5 Lair:6 IceCv)
  11 hippogriffs (D:9 D:10 Lair:1 Lair:3 Lair:4)
  5 basilisks (Lair:2 Lair:4 Lair:6 Lair:7 D:13)
  2 wyverns (Lair:7 D:14)
  A naga (shapeshifter) (Elf:3)
  27 orc warriors (D:7 D:6 D:10 D:11 Orc:2)
  4 wargs (D:10 Orc:2 Orc:4)
  5 sky beasts (D:6 D:7 D:8)
  19 water moccasins (Lair:1 Lair:2 Lair:3 Lair:4 Lair:5)
  2 soldier ants (D:12 D:14)
  A mottled dragon (D:14)
  13 ice beasts (D:9 D:10 D:11 D:12)
  6 porcupines (Lair:2 Lair:3 Lair:5 Lair:7)
  A wasp (D:9)
  A black bear (D:8)
  2 phantoms (D:8 D:9)
  8 crocodiles (Lair:1 Lair:2 Lair:5 Lair:7 D:14)
  3 necrophages (D:7 D:10)
  7 ogres (D:4 D:9 D:10 Orc:1 Orc:4)
  24 centaurs (D:7 D:6 D:5 D:12 D:13)
  A lost soul (Elf:3)
  A brain worm (D:14)
  Blork the orc (D:5)
  A centaur (shapeshifter) (Elf:1)
  7 big kobolds (D:11 D:14)
  A wyvern zombie (D:9)
  24 giant frogs (D:6 D:7 D:9 D:10 Lair:1)
  11 scorpions (Ossuary D:10 D:9 D:12)
  4 jellies (D:7 D:6 D:11 D:13)
  4 wights (D:7 D:12)
  40 killer bees (D:9 D:11 D:13)
  5 centaur zombies (Ossuary D:12)
  2 electric eels (Lair:5 Lair:7)
  2 giant frog zombies (D:12 D:13)
  4 hounds (D:4 D:9)
  30 orc wizards (D:7 D:6 D:5 D:9 D:10)
  A quasit (D:10)
  5 crimson imps (D:5 D:8 D:9 D:10 D:12)
  A giant frog skeleton (D:5)
  4 human zombies (D:7)
  7 iguanas (D:7 Lair:2 Lair:3 D:14)
  Ijyb (D:2)
  34 orc priests (D:7 D:6 D:9 D:10 D:11)
  Terence (D:2)
  6 worker ants (D:4 D:5 D:14)
  17 sheep (Lair:2 Lair:3 Lair:6 Lair:5)
  2 hound zombies (D:4 D:10)
  4 hound skeletons (D:7 D:6 D:9)
  7 mummies (Ossuary D:7)
  6 scorpion zombies (Ossuary)
  18 adders (D:2 D:4 D:3 D:7 D:6)
  3 gnolls (D:4)
  57 river rats (Lair:2 Lair:3 Lair:4 Lair:5 Lair:7)
  5 shadow imps (D:6 D:5 D:11)
  An ufetubus (D:11)
  An adder skeleton (D:6)
  2 worms (D:3 D:2)
  2 giant geckos (D:1 D:2)
  139 orcs (D:3 D:4 D:6 D:7 D:5)
  6 ball pythons (D:1 D:2 D:6 D:8 Lair:6)
  13 bats (D:1 D:2 D:3 D:4 D:7)
  A bat skeleton (D:8)
  7 giant cockroaches (D:1 D:2 D:4 D:5)
  2 gnoll zombies (Ossuary)
  17 hobgoblins (D:1 D:4 D:3 D:6 D:7)
  3 quokkas (D:2 D:5 D:8)
  A giant gecko zombie (D:6)
  6 giant newts (D:1 D:3 D:5 D:7)
  18 goblins (D:2 D:4 D:3 D:10 Orc:1)
  3 goblin zombies (Ossuary)
  6 jackals (D:4)
  A jackal skeleton (D:7)
  21 kobolds (D:1 D:2 D:3 D:6 D:5)
  A kobold zombie (Ossuary)
  An orc zombie (D:7)
  9 rats (D:1 D:2 D:3 D:6 D:5)
  3 crawling corpses (Elf:1)
  A fungus (D:8)
1102 creatures vanquished.

Vanquished Creatures (others)
  A spectral weapon (Elf:3)
  A manticore (D:14)
  4 polar bears (IceCv)
  A lost soul (Elf:3)
  A scorpion (Ossuary)
  An orc zombie (Ossuary)
  7 butterflies (D:11 Elf:3)
  3 fungi (Elf:3)
19 creatures vanquished.

Grand Total: 1121 creatures vanquished

Notes
Turn   | Place    | Note
--------------------------------------------------------------
     0 | D:1      | l0ser140 the Kobold Enchanter began the quest for the Orb.
     0 | D:1      | Reached XP level 1. HP: 10/10 MP: 3/3
   311 | D:1      | Reached XP level 2. HP: 15/15 MP: 5/5
   658 | D:1      | Huge Dmg: 4 Dmg
  1008 | D:2      | Huge Dmg: 4 Dmg
  1018 | D:2      | Huge Dmg: 2 Dmg
  1019 | D:2      | Reached XP level 3. HP: 8/19 MP: 6/6
  1197 | D:2      | Learned a level 2 spell: Ensorcelled Hibernation
  1234 | D:2      | Huge Dmg: 5 Dmg
  1239 | D:2      | Reached skill level 5 in Stealth
  1560 | D:2      | Huge Dmg: 5 Dmg
  1756 | D:2      | Reached skill level 4 in Hexes
  1756 | D:2      | Reached XP level 4. HP: 16/24 MP: 5/7
  1903 | D:2      | Noticed Ijyb
  1906 | D:2      | Found a white marble altar of Elyvilon.
  1907 | D:2      | Found a snail-covered altar of Cheibriados.
  1945 | D:2      | Huge Dmg: 8 Dmg
  1949 | D:2      | Huge Dmg: 1 Dmg
  2283 | D:4      | Noticed an ogre
  2284 | D:4      | Killed an ogre
  2284 | D:4      | Reached skill level 6 in Stealth
  2284 | D:4      | Reached XP level 5. HP: 22/28 MP: 8/8
  2478 | D:4      | Huge Dmg: 5 Dmg
  2871 | D:4      | Reached skill level 5 in Hexes
  2871 | D:4      | Reached XP level 6. HP: 32/32 MP: 9/9
  2971 | D:4      | Huge Dmg: 3 Dmg
  3398 | D:4      | Reached skill level 7 in Stealth
  3822 | D:3      | Huge Dmg: 7 Dmg
  4040 | D:3      | Learned a level 3 spell: Confuse
  4773 | D:2      | Killed Ijyb
  4798 | D:2      | Noticed Terence
  4804 | D:2      | Killed Terence
  5216 | D:4      | Reached XP level 7. HP: 36/36 MP: 1/10
  5314 | D:5      | Entered Level 5 of the Dungeon
  5359 | D:5      | Noticed DEFE's ghost (experienced TeFE)
  5397 | D:5      | Noticed Blork the orc
  5428 | D:5      | Noticed Sigmund
  5430 | D:5      | Noticed Prince Ribbit
  5477 | D:6      | Reached skill level 6 in Hexes
  5684 | D:6      | Huge Dmg: 7 Dmg
  5711 | D:6      | Huge Dmg: 4 Dmg
  5720 | D:6      | Huge Dmg: 7 Dmg
  5737 | D:5      | Reached skill level 3 in Dodging
  6069 | D:7      | Huge Dmg: 9 Dmg
  6116 | D:7      | Found a sand-covered staircase.
  6179 | Ossuary  | Entered an ossuary
  6435 | Ossuary  | Reached skill level 4 in Dodging
  6486 | Ossuary  | Reached XP level 8. HP: 41/41 MP: 11/11
  6506 | Ossuary  | Huge Dmg: 18 Dmg
  6508 | Ossuary  | Huge Dmg: 14 Dmg
  6884 | Ossuary  | Reached skill level 5 in Dodging
  7613 | Ossuary  | Reached skill level 6 in Dodging
  7719 | Ossuary  | Reached skill level 7 in Hexes
  8022 | Ossuary  | Reached skill level 7 in Dodging
  8337 | D:7      | Reached skill level 2 in Short Blades
  8365 | D:7      | Reached skill level 1 in Fighting
  8567 | D:7      | Reached skill level 2 in Fighting
  8567 | D:7      | Reached XP level 9. HP: 48/48 MP: 7/12
  8604 | D:7      | Got a steaming lapis lazuli ring
  8606 | D:7      | Identified the ring of Medghofuc {SustAb Int+5} (You found it on level 7 of the Dungeon)
  8630 | D:7      | Reached skill level 3 in Short Blades
  8655 | D:8      | Found a staircase to the Lair.
  8863 | D:7      | Found a basalt altar of Yredelemnul.
  8934 | D:7      | Noticed a wraith
  8936 | D:7      | Killed a wraith
  8936 | D:7      | Reached skill level 3 in Fighting
  8936 | D:7      | Reached skill level 4 in Short Blades
  8974 | D:7      | Reached skill level 5 in Short Blades
  9642 | D:6      | Reached skill level 4 in Fighting
  9676 | D:6      | Found a deep blue altar of Sif Muna.
  9887 | D:6      | Huge Dmg: 12 Dmg
 10078 | D:6      | Reached skill level 6 in Short Blades
 10159 | D:6      | Reached skill level 8 in Hexes
 10227 | D:6      | Found a stormy altar of Qazlal.
 10229 | D:6      | Noticed a deep elf mage
 10239 | D:6      | Killed a deep elf mage
 10239 | D:6      | Reached skill level 5 in Fighting
 10391 | D:6      | Reached skill level 7 in Short Blades
 10391 | D:6      | Reached XP level 10. HP: 51/60 MP: 4/13
 10807 | D:5      | Killed Sigmund
 10807 | D:5      | Reached skill level 6 in Fighting
 10863 | D:5      | Killed Blork the orc
 10935 | D:5      | Killed Prince Ribbit
 10935 | D:5      | Reached skill level 8 in Short Blades
 10960 | D:5      | Noticed Grinder
 11048 | D:5      | Killed Grinder
 11427 | D:5      | Found a shattered altar of Ashenzari.
 11485 | D:5      | Reached skill level 7 in Fighting
 11594 | D:5      | Killed DEFE's ghost
 11707 | D:5      | Found a staircase to the Ecumenical Temple.
 11864 | Temple   | Entered the Ecumenical Temple
 12015 | Temple   | Became a worshipper of Dithmenos the Shadowed
 12250 | D:8      | Reached skill level 9 in Short Blades
 12450 | D:8      | Got a polished rapier
 12451 | D:8      | Identified the +10 rapier of Battle {venom, MP+9 Int+5} (You found it on level 8 of the Dungeon)
 12856 | D:8      | Found a shimmering altar of Xom.
 13198 | D:9      | Reached skill level 9 in Hexes
 13235 | D:9      | Reached skill level 8 in Fighting
 13377 | D:9      | Huge Dmg: 16 Dmg
 13443 | D:9      | Reached skill level 10 in Short Blades
 13542 | D:9      | Reached XP level 11. HP: 62/69 MP: 14/14
 13792 | D:10     | Entered Level 10 of the Dungeon
 14096 | D:10     | Acquired Dithmenos's first power
 14099 | D:10     | Reached skill level 9 in Fighting
 14163 | D:10     | Found a staircase to the Orcish Mines.
 14399 | D:10     | Noticed a hill giant
 14427 | D:10     | Reached skill level 11 in Short Blades
 14951 | D:10     | Learned a level 3 spell: Dazzling Spray
 14953 | D:10     | Learned a level 1 spell: Summon Butterflies
 15019 | D:10     | Killed a hill giant
 15019 | D:10     | Reached skill level 1 in Summonings
 15278 | D:11     | Noticed a six-headed hydra
 15362 | D:11     | Reached skill level 2 in Summonings
 15423 | D:11     | Reached skill level 10 in Fighting
 15532 | D:11     | Huge Dmg: 12 Dmg
 15627 | D:10     | Huge Dmg: 17 Dmg
 15665 | D:10     | Huge Dmg: 13 Dmg
 15762 | Orc:1    | Entered Level 1 of the Orcish Mines
 15776 | D:10     | Reached skill level 1 in Invocations
 15814 | D:10     | Acquired Dithmenos's second power
 15846 | Orc:1    | Reached skill level 3 in Summonings
 16171 | Orc:2    | Found Veoble's Antique Weapon Shop.
 16180 | Orc:2    | Reached skill level 2 in Invocations
 16217 | Orc:2    | Reached skill level 8 in Stealth
 16217 | Orc:2    | Reached skill level 1 in Conjurations
 16470 | Orc:2    | Reached XP level 12. HP: 59/77 MP: 15/15
 16717 | Orc:2    | Noticed an orc knight
 16719 | Orc:2    | Found a roughly hewn altar of Beogh.
 16721 | Orc:2    | Killed an orc knight
 16742 | Orc:2    | Reached skill level 3 in Invocations
 16955 | Orc:2    | Reached skill level 2 in Conjurations
 16959 | Orc:2    | Huge Dmg: 21 Dmg
 16963 | Orc:2    | Huge Dmg: 18 Dmg
 17258 | Orc:1    | Acquired Dithmenos's third power
 17533 | Orc:3    | Huge Dmg: 19 Dmg
 17537 | Orc:3    | Reached skill level 4 in Invocations
 17658 | Orc:3    | Noticed Rupert
 17688 | Orc:3    | Found a deep blue altar of Sif Muna.
 17693 | Orc:3    | Found a staircase to the Elven Halls.
 17733 | Orc:3    | Found Voedaur's Book Shoppe.
 18245 | Orc:3    | Reached skill level 9 in Stealth
 18549 | Orc:4    | Entered Level 4 of the Orcish Mines
 18640 | Orc:4    | Huge Dmg: 18 Dmg
 18819 | Orc:4    | Reached skill level 3 in Conjurations
 18900 | Orc:4    | Acquired Dithmenos's fourth power
 18938 | Orc:4    | Huge Dmg: 24 Dmg
 19072 | Orc:4    | Reached skill level 5 in Invocations
 19094 | Orc:4    | Found Lidaumiv's Distillery.
 19110 | Orc:4    | Reached skill level 10 in Stealth
 19115 | Orc:4    | Noticed an orc high priest
 19120 | Orc:4    | Noticed an orc high priest
 19125 | Orc:4    | Huge Dmg: 19 Dmg
 19362 | Lair:1   | Entered Level 1 of the Lair of Beasts
 19565 | Lair:1   | Reached skill level 6 in Invocations
 19582 | Lair:1   | Huge Dmg: 26 Dmg
 19586 | Lair:1   | Huge Dmg: 13 Dmg
 19812 | Lair:1   | Reached skill level 11 in Stealth
 20088 | Lair:1   | Noticed a six-headed hydra
 20098 | Lair:1   | Huge Dmg: 33 Dmg
 20226 | Lair:2   | Huge Dmg: 20 Dmg
 20229 | Lair:2   | Reached skill level 7 in Invocations
 20474 | Lair:2   | Got a polished trident
 20609 | Lair:2   | Reached skill level 12 in Stealth
 20609 | Lair:2   | Reached XP level 13. HP: 67/82 MP: 18/18
 20773 | Lair:2   | Reached skill level 8 in Invocations
 21205 | Lair:3   | Noticed Urug
 21214 | Lair:3   | Killed Urug
 21217 | Lair:3   | Identified the cursed +1 trident of Wionuv {vamp, rC- rN+++ Str+3} (You found it on level 2 of the Lair of Beasts)
 21389 | Lair:3   | Noticed Maud
 21392 | Lair:3   | Killed Maud
 21392 | Lair:3   | Reached skill level 10 in Hexes
 21757 | Lair:3   | Huge Dmg: 28 Dmg
 21757 | Lair:3   | Reached skill level 13 in Stealth
 21897 | Lair:3   | Reached skill level 9 in Invocations
 22105 | Lair:4   | Learned a level 1 spell: Apportation
 23102 | Lair:5   | Reached skill level 11 in Hexes
 23224 | Lair:5   | Found a staircase to the Swamp.
 23490 | Lair:6   | Reached skill level 14 in Stealth
 23490 | Lair:6   | Reached skill level 10 in Invocations
 23525 | Lair:6   | Found a viscous altar of Jiyva.
 23526 | Lair:6   | Found a staircase to the Slime Pits.
 23663 | Lair:6   | Identified the Reference Book on Confrontation
 23687 | Lair:6   | Reached XP level 14. HP: 88/88 MP: 21/21
 23702 | Lair:5   | Huge Dmg: 20 Dmg
 23991 | Lair:6   | Huge Dmg: 17 Dmg
 24020 | Lair:6   | Huge Dmg: 16 Dmg
 24428 | Lair:6   | Found a staircase to the Snake Pit.
 24907 | Lair:7   | Reached skill level 15 in Stealth
 24913 | Lair:7   | Huge Dmg: 18 Dmg
 24913 | Lair:7   | Reached skill level 11 in Invocations
 25498 | Lair:7   | Huge Dmg: 22 Dmg
 25932 | Lair:1   | Huge Dmg: 18 Dmg
 26047 | Lair:1   | Killed a six-headed hydra
 26202 | Orc:4    | Killed an orc high priest
 26202 | Orc:4    | Reached skill level 8 in Dodging
 26277 | Orc:4    | Killed an orc high priest
 26368 | Orc:4    | Noticed an orc high priest
 26390 | Orc:4    | Killed an orc high priest
 26765 | Orc:4    | Huge Dmg: 33 Dmg
 26858 | Orc:4    | Found Dehom's Antique Weapon Emporium.
 26871 | Orc:4    | Found Gysyfrasm's Book Emporium.
 26876 | Orc:4    | Bought a potion of curing for 54 gold pieces
 26880 | Orc:4    | Found Atyat Qad's Jewellery Boutique.
 26888 | Orc:4    | Bought the amulet of Aruem {rCorr SInv} for 343 gold pieces
 26888 | Orc:4    | Bought a +4 ring of dexterity for 297 gold pieces
 27026 | D:11     | Noticed an unseen horror
 27027 | D:11     | Reached skill level 9 in Dodging
 27039 | D:11     | Killed an unseen horror
 27057 | D:11     | Reached skill level 16 in Stealth
 27071 | D:11     | Huge Dmg: 15 Dmg
 27329 | D:11     | Noticed a hill giant
 27337 | D:11     | Killed a hill giant
 27356 | D:11     | Reached XP level 15. HP: 77/92 MP: 23/23
 27710 | D:11     | Killed a six-headed hydra
 27751 | D:11     | Huge Dmg: 28 Dmg
 27875 | D:11     | Huge Dmg: 15 Dmg
 28147 | D:12     | Found a frozen archway.
 28151 | D:12     | Reached skill level 10 in Dodging
 28199 | IceCv    | Entered an ice cave
 28294 | IceCv    | Huge Dmg: 19 Dmg
 28295 | IceCv    | Huge Dmg: 16 Dmg
 28296 | IceCv    | Huge Dmg: 12 Dmg
 28493 | IceCv    | Huge Dmg: 13 Dmg
 28997 | IceCv    | Reached skill level 17 in Stealth
 29182 | IceCv    | Noticed a frost giant
 29200 | IceCv    | Huge Dmg: 23 Dmg
 29213 | IceCv    | Huge Dmg: 12 Dmg
 29225 | IceCv    | Reached skill level 11 in Dodging
 29235 | IceCv    | Huge Dmg: 23 Dmg
 29564 | IceCv    | Huge Dmg: 19 Dmg
 29566 | IceCv    | Huge Dmg: 17 Dmg
 29640 | IceCv    | Huge Dmg: 17 Dmg
 30074 | IceCv    | Killed a frost giant
 30120 | IceCv    | Identified the Reference Book on Snow
 30169 | IceCv    | Huge Dmg: 19 Dmg
 30170 | IceCv    | Huge Dmg: 24 Dmg
 30513 | D:12     | Noticed Snorg
 30524 | D:12     | Killed Snorg
 30741 | D:12     | Huge Dmg: 21 Dmg
 31249 | D:13     | Reached skill level 18 in Stealth
 31561 | Orc:3    | Bought a manual of Fighting for 1545 gold pieces
 31785 | D:13     | Reached skill level 12 in Dodging
 32359 | D:13     | Got a scorched long sword
 32410 | D:13     | Huge Dmg: 21 Dmg
 32412 | D:13     | Huge Dmg: 16 Dmg
 32416 | D:13     | Huge Dmg: 12 Dmg
 32859 | D:14     | Reached skill level 11 in Fighting
 32907 | D:14     | Reached XP level 16. HP: 65/100 MP: 20/24
 32941 | D:14     | Huge Dmg: 12 Dmg
 33248 | D:13     | Huge Dmg: 20 Dmg
 33252 | D:13     | Huge Dmg: 22 Dmg
 33914 | D:14     | Identified the +10 long sword of Tynir {slice, rC+ rN++ MR+} (You found it on level 13 of the Dungeon)
 33964 | D:14     | Huge Dmg: 20 Dmg
 33994 | D:13     | Huge Dmg: 24 Dmg
 34396 | D:14     | Huge Dmg: 28 Dmg
 34403 | D:14     | Huge Dmg: 19 Dmg
 34415 | D:14     | Reached skill level 12 in Fighting
 34661 | D:14     | Reached skill level 13 in Dodging
 34772 | D:14     | Found a gate to the Vaults.
 34971 | D:14     | Noticed Agnes
 35210 | D:14     | Reached skill level 19 in Stealth
 35221 | D:14     | Huge Dmg: 39 Dmg
 35236 | D:14     | Huge Dmg: 33 Dmg
 35583 | D:13     | Huge Dmg: 27 Dmg
 35594 | D:13     | Huge Dmg: 16 Dmg
 35965 | Elf:1    | Entered Level 1 of the Elven Halls
 36124 | Elf:1    | Learned a level 2 spell: Swiftness
 36244 | Elf:1    | Reached skill level 13 in Fighting
 36245 | Elf:1    | Huge Dmg: 18 Dmg
 36250 | Elf:1    | Reached skill level 1 in Charms
 36870 | Elf:1    | Reached skill level 2 in Charms
 37512 | Elf:1    | Reached skill level 3 in Charms
 37824 | Elf:2    | Reached skill level 14 in Dodging
 37858 | Elf:2    | Found a huge runed gate.
 37858 | Elf:2    | Found a huge runed gate.
 37858 | Elf:2    | Found a huge runed gate.
 37858 | Elf:2    | Found a huge runed gate.
 37858 | Elf:2    | Found a huge runed gate.
 37982 | Elf:2    | Reached skill level 4 in Charms
 38336 | Elf:2    | Reached XP level 17. HP: 110/110 MP: 25/25
 38437 | Elf:2    | Huge Dmg: 24 Dmg
 38445 | Elf:2    | Reached skill level 14 in Fighting
 38581 | Elf:2    | Huge Dmg: 32 Dmg
 38837 | Elf:2    | Reached skill level 5 in Charms
 38856 | Elf:2    | Huge Dmg: 27 Dmg
 39119 | Elf:3    | Entered Level 3 of the Elven Halls
 39209 | Elf:3    | Found a deep blue altar of Sif Muna.
 39595 | Elf:3    | Noticed a deep elf blademaster
 39625 | Elf:3    | Huge Dmg: 23 Dmg
 39626 | Elf:3    | Killed a deep elf blademaster
 39628 | Elf:3    | Huge Dmg: 28 Dmg
 39873 | Elf:3    | Huge Dmg: 23 Dmg
 39900 | Elf:3    | Noticed a deep elf blademaster
 39908 | Elf:3    | Huge Dmg: 34 Dmg
 40315 | Elf:2    | Reached skill level 6 in Charms
 40630 | Elf:3    | Reached skill level 15 in Fighting
 40671 | Elf:3    | Noticed a deep elf master archer
 40704 | Elf:3    | Killed a deep elf blademaster
 40839 | Orc:3    | Bought a book of Battle for 560 gold pieces
 40843 | Orc:3    | Learned a level 3 spell: Spectral Weapon
 40845 | Orc:3    | Learned a level 1 spell: Infusion
 40983 | Elf:3    | Huge Dmg: 52 Dmg
 41262 | Elf:3    | Huge Dmg: 22 Dmg
 41267 | Elf:3    | Huge Dmg: 28 Dmg
 41271 | Elf:3    | Huge Dmg: 11 Dmg
 41271 | Elf:3    | Killed a deep elf master archer
 41324 | Elf:3    | Reached skill level 15 in Dodging
 41396 | Elf:3    | Huge Dmg: 21 Dmg
 41411 | Elf:3    | Huge Dmg: 22 Dmg
 41433 | Elf:3    | Got a transparent lead amulet
 41756 | Elf:3    | Huge Dmg: 20 Dmg
 41778 | Elf:3    | Huge Dmg: 15 Dmg
 41789 | Elf:3    | Huge Dmg: 15 Dmg
 41791 | Elf:3    | Huge Dmg: 17 Dmg
 41797 | Elf:3    | Huge Dmg: 22 Dmg
 41798 | Elf:3    | HP: 4/114 [deep elf knight/stone arrow (23)]
 41799 | Elf:3    | Huge Dmg: 15 Dmg
 42209 | Elf:3    | Huge Dmg: 28 Dmg
 42313 | Elf:3    | Huge Dmg: 29 Dmg
 42488 | Elf:3    | Identified the amulet "Rimihyth" {Gourm Stlth+} (You took it off a deep elf knight on level 3 of the Elven Halls)
 42522 | Elf:3    | Got a shimmering demon blade {venom}
 42522 | Elf:3    | Got a smoking bronze ring
 42524 | Elf:3    | Identified the ring of Ijeimn {*Drain rPois MR+ Int+4} (You took it off a deep elf knight on level 3 of the Elven Halls)
 42596 | Elf:3    | Reached skill level 16 in Fighting
 42600 | Elf:3    | Identified the +3 demon blade "Ewnakkih" {venom, rPois rN+ Dex-4 SInv} (You took it off a deep elf knight on level 3 of the Elven Halls)
 42728 | Elf:3    | Got a wavering copper ring
 42852 | Elf:3    | Reached skill level 1 in Shields
 42893 | Elf:3    | Got an encrusted chain mail
 42927 | Elf:3    | Noticed a deep elf master archer
 42994 | Elf:3    | Reached skill level 2 in Shields
 43073 | Elf:3    | Identified the ring "Alouxer" {Wiz Dex+2 SInv} (You took it off a deep elf summoner on level 3 of the Elven Halls)
 43091 | Elf:3    | Huge Dmg: 43 Dmg
 43092 | Elf:3    | Reached skill level 3 in Shields
 43093 | Elf:3    | Huge Dmg: 50 Dmg
 43094 | Elf:3    | HP: 1/115 [deep elf master archer/arrow of flame (14)]
 43094 | Elf:3    | Shot with an arrow of flame by a deep elf master archer

Vault maps used:
D:1:      saegor_arrival_simple_b
D:2:      elyvilon_altar_5, serial_bayou_pond_b, cheibriados_altar_1,
          uniq_terence, uniq_iyjb
D:4:      minmay_misc_feat_alley, kennysheep_pointless_box,
          hangedman_feature_mirror
D:5:      temple_hall_moat, first_bread, evilmike_ruin_ashenzari,
          uniq_prince_ribbit1, uniq_blork_the_orc, uniq_grinder, uniq_sigmund
D:6:      wad_floor_pattern_untrapped, hangedman_decor_clover_reticule,
          hangedman_feature_mirror
D:7:      enter_ossuary_5, lemuel_mausoleum_altar_yredelemnul
D:8:      dpeg_oklobed_lair, basic_altar
D:10:     erik_orc_4, grunt_ogre_cave, serial_bayou_pond_a
D:11:     special_room, st_stairs_9
D:12:     nrook_guardian_serpent_snake_passage,
          portal_ice_cave_entry_ice_beasts, uniq_snorg
D:14:     minmay_nested_s, erik_vaults_1, kennysheep_decorative_pillar,
          uniq_agnes
Temple:   kilobyte_greek_temple_18
Lair:1:   minmay_holes
Lair:2:   grunt_megastairs_4
Lair:3:   serial_bayou_shore_b, uniq_maud, uniq_urug
Lair:4:   minivault_23
Lair:5:   swamp_mist_pool, minivault_25, st_stairs_11
Lair:6:   minmay_snake_entry_six_corridors, slime_altar_1
Lair:7:   statuecave_lemuel, st_stairs_3
Orc:2:    nicolae_orc_accident_2, serial_shops, nicolae_shop_overgrown_old_shop
Orc:3:    serial_shops, shop, nicolae_orc_pool_cavern, led_sif_book, uniq_rupert
Orc:4:    st_orc_elflike
Elf:1:    kennysheep_underground_church
Elf:2:    minivault_23
Elf:3:    elf_hall, basic_altar, amethyst_killhole, minmay_misc_feat_columns,
          basic_stair_grate_trap
Ossuary:  ossuary_minmay_scorpions
IceCv:    ice_cave_caverns_03

Action                   |  1- 3 |  4- 6 |  7- 9 | 10-12 | 13-15 | 16-18 || total
-------------------------+-------+-------+-------+-------+-------+-------++-------
Melee: Dagger            |    96 |   246 |   494 |   273 |       |       ||  1109
       Rapier            |       |       |       |   720 |  1339 |   866 ||  2925
Throw: Stone             |       |    19 |    24 |    37 |    22 |    34 ||   136
 Cast: Ensorcelled Hiber |     5 |    20 |    25 |     7 |     2 |     2 ||    61
       Confuse           |       |     2 |    66 |    52 |    61 |    50 ||   231
       Corona            |       |       |       |     3 |       |       ||     3
       Dazzling Spray    |       |       |       |    22 |    29 |    34 ||    85
       Summon Butterflie |       |       |       |     1 |       |     1 ||     2
       Infusion          |       |       |       |       |       |     9 ||     9
       Spectral Weapon   |       |       |       |       |       |     2 ||     2
Invok: Shadow Step       |       |       |       |     1 |     5 |     4 ||    10
       Shadow Form       |       |       |       |       |     1 |     5 ||     6
Evoke: Wand              |       |       |     2 |     3 |     1 |     2 ||     8
       Deck              |       |       |       |       |     1 |     1 ||     2
  Use: Scroll            |       |     4 |    11 |     5 |    18 |    10 ||    48
       Potion            |       |       |     1 |       |     1 |     9 ||    11
 Stab: Sleeping          |     2 |    25 |    27 |    48 |   106 |    44 ||   252
       Confused          |       |     1 |    37 |    26 |    39 |    15 ||   118
       Distracted        |       |       |       |     7 |     8 |     9 ||    24
       Invisible         |       |       |       |     9 |    21 |    25 ||    55
  Eat: Chunk             |     5 |    10 |    24 |    47 |    48 |    41 ||   175
       Beef jerky        |       |       |     1 |     1 |       |     1 ||     3
       Meat ration       |       |       |     1 |       |       |       ||     1
       Pizza             |       |       |       |     1 |       |     1 ||     2

Vault maps used:
D:1:      saegor_arrival_simple_b
D:2:      elyvilon_altar_5, serial_bayou_pond_b, cheibriados_altar_1,
          uniq_terence, uniq_iyjb
D:4:      minmay_misc_feat_alley, kennysheep_pointless_box,
          hangedman_feature_mirror
D:5:      temple_hall_moat, first_bread, evilmike_ruin_ashenzari,
          uniq_prince_ribbit1, uniq_blork_the_orc, uniq_grinder, uniq_sigmund
D:6:      wad_floor_pattern_untrapped, hangedman_decor_clover_reticule,
          hangedman_feature_mirror
D:7:      enter_ossuary_5, lemuel_mausoleum_altar_yredelemnul
D:8:      dpeg_oklobed_lair, basic_altar
D:10:     erik_orc_4, grunt_ogre_cave, serial_bayou_pond_a
D:11:     special_room, st_stairs_9
D:12:     nrook_guardian_serpent_snake_passage,
          portal_ice_cave_entry_ice_beasts, uniq_snorg
D:14:     minmay_nested_s, erik_vaults_1, kennysheep_decorative_pillar,
          uniq_agnes
Temple:   kilobyte_greek_temple_18
Lair:1:   minmay_holes
Lair:2:   grunt_megastairs_4
Lair:3:   serial_bayou_shore_b, uniq_maud, uniq_urug
Lair:4:   minivault_23
Lair:5:   swamp_mist_pool, minivault_25, st_stairs_11
Lair:6:   minmay_snake_entry_six_corridors, slime_altar_1
Lair:7:   statuecave_lemuel, st_stairs_3
Orc:2:    nicolae_orc_accident_2, serial_shops, nicolae_shop_overgrown_old_shop
Orc:3:    serial_shops, shop, nicolae_orc_pool_cavern, led_sif_book, uniq_rupert
Orc:4:    st_orc_elflike
Elf:1:    kennysheep_underground_church
Elf:2:    minivault_23
Elf:3:    elf_hall, basic_altar, amethyst_killhole, minmay_misc_feat_columns,
          basic_stair_grate_trap
Ossuary:  ossuary_minmay_scorpions
IceCv:    ice_cave_caverns_03
